 Dungeon Crawl Stone Soup version 0.30.1-9-gdf580d7c3d (webtiles) character file.

Game seed: 14858492964832691344

117999 bworf the Warrior (level 15, -3/141 HPs)
             Began as a Demigod Ice Elementalist on Oct 18, 2023.
             Slain by a six-headed hydra (12 damage)
             ... on level 2 of the Swamp on Oct 19, 2023.
             The game lasted 03:44:31 (40425 turns).

bworf the Warrior (Demigod Ice Elementalist)       Turns: 40425, Time: 03:44:32

Health: -3/141     AC: 15    Str:  6    XL:     15   Next: 77%
Magic:  18/23      EV: 25    Int: 29    God:
Gold:   2454       SH: 10    Dex: 22    Spells: 9/20 levels left

rFire   . . .        m - +8 scimitar "Ypaan" {pain, rN++ rCorr Str-3 Stlth+}
rCold   + + .        e - +1 buckler {rC+}
rNeg    + + .        n - +2 leather armour {rC+}
rPois   .            c - +2 helmet {SInv}
rElec   .            R - +2 cloak
rCorr   +            w - +0 pair of gloves
SInv    +            k - +1 pair of boots {Fly}
Will    +....        W - amulet of reflection
Stlth   +++++        u - +5 ring of evasion
HPRegen 0.43/turn    U - ring "Nyits" {rCorr Slay+3}
MPRegen 0.18/turn

%: reflection
@: flying
A: high MP 1, forlorn, divine attributes
a: no special abilities


You were on level 2 of the Swamp.
You visited 5 branches of the dungeon, and saw 25 of its levels.
You also visited: Ossuary and Ice Cave.

You collected 2787 gold pieces.
You spent 333 gold pieces at shops.

Inventory:

Hand Weapons
 m - the +8 scimitar "Ypaan" (weapon) {pain, rN++ rCorr Str-3 Stlth+}
   (You bought it in a shop on level 2 of the Orcish Mines)

   Str:       It affects your strength (-3).
   rN:        It greatly protects you from negative energy.
   rCorr:     It protects you from acid and corrosion.
   Stlth:     It makes you more stealthy.
 H - the +8 trident of Ambiguity {flame, rF+ rN+ Str+5 Int+3}
   (You found it on level 7 of the Dungeon)

   Str:       It affects your strength (+5).
   Int:       It affects your intelligence (+3).
   rF:        It protects you from fire.
   rN:        It protects you from negative energy.
Missiles
 C - 4 datura-tipped darts
 G - 6 poisoned darts
 L - 2 curare-tipped darts
 X - 68 stones (quivered)
Armour
 c - a +2 helmet of see invisible (worn)
 e - a +1 buckler of cold resistance (worn)
 k - a +1 pair of boots of flying (worn)
 n - a +2 leather armour of cold resistance (worn)
 v - the +2 hat of Haunted Mirth {Str-4 Int+3 Dex+2}
   (You found it on level 5 of the Lair of Beasts)

   Str:       It affects your strength (-4).
   Int:       It affects your intelligence (+3).
   Dex:       It affects your dexterity (+2).
 w - a +0 pair of gloves (worn)
 F - a +4 scale mail of poison resistance
 R - a +2 cloak (worn)
Magical Staves
 j - a staff of cold
Jewellery
 i - a +4 ring of protection
 u - a +5 ring of evasion (left hand)
 E - a ring of protection from cold
 J - a ring of ice
 U - the ring "Nyits" (right hand) {rCorr Slay+3}
   (You found it on level 13 of the Dungeon)

   [ring of resist corrosion]

   Slay:      It affects your accuracy & damage with ranged weapons and melee
   (+3).
   rCorr:     It protects you from acid and corrosion.
 W - an amulet of reflection (around neck)
Wands
 l - a wand of digging (11)
 S - a wand of paralysis (11)
Scrolls
 f - 9 scrolls of teleportation
 p - 5 scrolls of fog
 q - a scroll of magic mapping
 s - 6 scrolls of amnesia
 x - a scroll of silence {unknown}
 y - 2 scrolls of summoning
 A - 8 scrolls of poison
 B - 7 scrolls of enchant armour
 D - 2 scrolls of identify
 O - a scroll of blinking
 P - a scroll of enchant weapon
 Q - 6 scrolls of fear
 V - 2 scrolls of immolation
Potions
 a - 3 potions of cancellation {unknown}
 b - 6 potions of magic
 d - 8 potions of heal wounds
 g - 3 potions of might {unknown}
 h - a potion of haste
 o - 6 potions of attraction {unknown}
 r - a potion of ambrosia {unknown}
 t - 3 potions of invisibility {unknown}
 z - 11 potions of curing
 I - a potion of mutation {unknown}
 K - 2 potions of berserk rage {unknown}
 M - 3 potions of flight {unknown}
 N - 4 potions of resistance
 T - 2 potions of brilliance {unknown}


   Skills:
 - Level 15.4 Fighting
 + Level 2.2 Long Blades
 - Level 4.5 Polearms
 - Level 4.0 Armour
 - Level 13.0 Dodging
 - Level 8.0 Stealth
 - Level 3.0 Spellcasting
 - Level 9.0 Summonings
 - Level 14.0 Ice Magic


You had 9 spell levels left.
You knew the following spells:

 Your Spells              Type           Power      Damage    Failure   Level
a - Freeze                Ice            100%       1d10      1%          1
b - Frozen Ramparts       Ice            100%       1d16      1%          3
c - Ozocubu's Armour      Ice            71%        N/A       1%          3
d - Summon Ice Beast      Ice/Summ       63%        N/A       1%          4

Your spell library contained the following spells:

 Spells                   Type           Power      Damage    Failure   Level
 Hailstorm                Conj/Ice       44%        3d10      3%          3
 Ice Form                 Ice/Tmut       44%        N/A       12%         4
 Sandblast                Erth           8%         2d5       21%         1
 Passwall                 Tmut/Erth      3%         N/A       30%         2
 Static Discharge         Conj/Air       8%         2-3/arc   30%         2
 Summon Lightning Spire   Summ/Air       30%        N/A       32%         4
 Metabolic Englaciation   Hex/Ice        22%        N/A       32%         5
 Inner Flame              Hex/Fire       4%         N/A       52%         3
 Stone Arrow              Conj/Erth      8%         3d7       52%         3
 Volatile Blastmotes      Fire/Tloc      8%         2d10      52%         3
 Simulacrum               Ice/Necr       22%        N/A       87%         6
 Airstrike                Air            2%         2d(1-17)  90%         4
 Fulminant Prism          Conj/Hex       2%         3d5       90%         4
 Iskenderun's Mystic Bla  Conj/Tloc      4%         2d3       90%         4
 Petrify                  Tmut/Erth      4%         N/A       90%         4
 Lee's Rapid Deconstruct  Erth           2%         3d4*      99%         5
 Yara's Violent Unravell  Hex/Tmut       2%         3d3       99%         5
 Statue Form              Tmut/Erth      2%         N/A       100%        6
 Enfeeble                 Hex            2%         N/A       100%        7


Dungeon Overview and Level Annotations

Branches:
Dungeon (15/15)            Temple (0/1) D:7            Lair (5/5) D:9
  Swamp (2/4) Lair:3       Spider (1/4) Lair:2        Slime (0/5) Lair:4
    Orc (2/2) D:11            Elf (0/3) Orc:2        Vaults (0/5) D:13
 Depths (0/4) D:15        Ossuary (visited)           IceCv (visited)

Shops:
D:3 *   D:4 *   Orc:1 :   Orc:2 **([:

Annotations:
Swamp:1 Aizul
Swamp:2 Amet's ghost, journeyman MiBe
Orc:1 Saint Roka


Innate Abilities, Weirdness & Mutations

You have an increased reservoir of magic. (+10% MP)
You shall have no god before yourself.
Your divine heritage dramatically boosts your attributes as you level up.


Message History

The will-o-the-wisp conjures some foxfire! 2 foxfires come into view.
The five-headed hydra attacks as you move away!
You block the five-headed hydra's attack.
The five-headed hydra bites you but does no damage.
The five-headed hydra closely misses you.
You block the five-headed hydra's attack.
The five-headed hydra bites you!
Found an encrusted staff.
Found a stone staircase leading down.
The raiju barks!
The foxfire hits you. The foxfire hits you!
* * * LOW HITPOINT WARNING * * *
The will-o-the-wisp blinks!
The six-headed hydra bites you!
* * * LOW HITPOINT WARNING * * *
You block the six-headed hydra's attack.
The six-headed hydra completely misses you.
The six-headed hydra closely misses you.
The six-headed hydra barely misses you. The six-headed hydra bites you!
* * * LOW HITPOINT WARNING * * *
The will-o-the-wisp barely misses you.
The will-o-the-wisp gestures.
The will-o-the-wisp conjures some foxfire! 2 foxfires come into view.
You slice the foxfire!!
The foxfire is lightly damaged.
The foxfire hits you but does no damage.
The foxfire hits you!
* * * LOW HITPOINT WARNING * * *
The will-o-the-wisp gestures.
The will-o-the-wisp conjures some foxfire!
The will-o-the-wisp gestures.
The will-o-the-wisp conjures some foxfire!
The five-headed hydra bites you but does no damage.
The five-headed hydra closely misses you.
You block the five-headed hydra's attack.
The five-headed hydra barely misses you.
The five-headed hydra completely misses you.
The six-headed hydra completely misses you.
The six-headed hydra bites you!
You die...

~..$~...~...~♣~
§§.~~~~~~~~..~.§~
~~.§~~.~~~~....~~
...~!.~~~~~~...~~
~.!.~~~~~§~~~....
♣......~.~~~~.♣
♣♣~..<~~..§~~>~
♣~...v§v~....♣ ~
♣..~.~v@v.♣♣♣♣~.~.~...
...~♣♣.~DDv..♣♣.~~~....(
~~~ ♣♣♣.v.....~~~~§~~§.
~§ ♣~......~.~~~~~~~! .
.........†.~..~~~~~ ~
...........~..>.~ ~~~
..###.......~...♣§...~ #
#h##.###..~.<......~ W
## #.?..♣.~~.~.~


You could see a six-headed hydra, a five-headed hydra, 2 will-o-the-wisps and a
raiju.

Vanquished Creatures
  The ghost of Placeboclown the Destroyer, a journeyman DrCj of Sif Muna (Orc:2)
  An eleionoma (Swamp:1)
  A bunyip (Swamp:1)
  The ghost of raetorn the Eclecticist, a journeyman DjFE of Makhleb (Lair:5)
  Fannar (D:10)
  7 hydras
  Erolcha (D:11)
  2 catoblepae (Lair:5)
  A centaur warrior (D:15)
  6 boulder beetles
  6 two-headed ogres
  2 death yaks (Lair:5)
  Amaemon (Lair:2)
  8 skeletal warriors
  A bog body (Swamp:1)
  Pikel (D:7)
  3 lindwurms
  A steelbarb worm (Lair:2)
  A wolf spider zombie (D:14)
  4 manticores
  2 wolf spiders
  3 orc sorcerers
  3 cyclopes
  2 ice statues (IceCv)
  A moth of wrath (Lair:5)
  5 elephants (Lair:5)
  3 black mambas
  3 torpor snails (Lair:5)
  8 cane toads
  Psyche (D:8)
  A kobold demonologist (D:8)
  16 komodo dragons
  A freezing wraith (IceCv)
  6 rime drakes
  4 yaktaurs (D:14)
  6 ice devils (IceCv)
  3 polar bears
  A queen bee (shapeshifter) (D:13)
  3 tyrant leeches
  5 trolls
  23 blink frogs
  2 hornets (Lair:3)
  3 tarantellas
  A blink frog (shapeshifter) (D:15)
  15 dream sheep (Lair:5)
  A raiju (shapeshifter) (D:13)
  2 jumping spiders
  A culicivora (Lair:2)
  8 slime creatures
  A spriggan (shapeshifter) (D:8)
  A vampire (D:12)
  3 wraiths
  53 yaks
  2 hogs (D:13)
  A human (shapeshifter) (D:13)
  5 basilisks
  A vampire mosquito (D:13)
  5 steam dragons
  2 wyverns
  4 swamp worms
  5 wargs (Orc:1)
  10 redbacks
  Menkaure (D:7)
  Duvessa (D:7)
  20 water moccasins
  3 black bears
  5 ice beasts
  5 ogres
  19 orc warriors
  19 wolves
  4 centaurs
  2 lemures (D:7)
  A phantom (D:4)
  12 bullfrogs
  8 gnoll sergeants
  4 scorpions
  A two-headed ogre simulacrum (IceCv)
  A cane toad simulacrum (IceCv)
  3 water moccasin zombies (Ossuary)
  A wight (D:8)
  Dowan (D:7)
  2 elephant simulacra (IceCv)
  13 killer bees
  An electric eel (Lair:1)
  A nameless horror (IceCv)
  5 howler monkeys
  2 gnoll boudas (D:6)
  A lava snake (D:13)
  5 hounds
  2 jellies
  11 orc priests
  A sleepcap (D:5)
  Jessica (D:2)
  7 iguanas
  25 orc wizards
  9 hell rats (Lair:4)
  2 troll simulacra (IceCv)
  A polar bear simulacrum (IceCv)
  2 spriggan simulacra (IceCv)
  3 wolf simulacra (IceCv)
  A mummy (Ossuary)
  5 adders
  27 gnolls
  A naga simulacrum (IceCv)
  A shadow imp (D:5)
  11 white imps
  3 ufetubi (IceCv)
  2 adder zombies (Ossuary)
  3 worms
  A dart slug (D:2)
  52 orcs
  7 endoplasms
  5 giant cockroaches
  4 gnoll zombies (Ossuary)
  9 goblins
  3 hobgoblins
  3 jackals (D:5)
  2 quokkas
  3 ball pythons
  5 bats
  2 frilled lizards
  2 hobgoblin zombies (Ossuary)
  11 kobolds
  5 kobold zombies (Ossuary)
  4 orc zombies (Ossuary)
  8 rats
661 creatures vanquished.

Vanquished Creatures (collateral kills)
  Gastronok (Lair:2)
  A bunyip (Swamp:1)
  4 hydras
  An ogre mage (D:15)
  2 centaur warriors (D:15)
  A two-headed ogre (D:10)
  A boulder beetle (D:11)
  4 death yaks
  2 orc high priests
  5 skeletal warriors
  3 goliath frogs (Swamp:1)
  2 lindwurms
  A necromancer (D:13)
  3 orc knights
  A wolf spider (Lair:2)
  A moth of wrath (Lair:5)
  An orc sorcerer (Orc:1)
  A cyclops (D:14)
  An orange demon (Lair:2)
  A black mamba (Lair:4)
  A demonic crawler (Lair:2)
  2 cane toads
  2 komodo dragons
  A redback zombie (D:14)
  4 rime drakes
  An efreet (D:15)
  2 tyrant leeches
  A troll (Orc:1)
  2 hornets
  2 blink frogs (Lair:5)
  A jumping spider (D:13)
  7 dream sheep (Lair:5)
  A centaur simulacrum (D:14)
  2 slime creatures (D:13)
  2 wraiths (D:14)
  A spriggan (Swamp:1)
  10 yaks
  A dire elephant simulacrum (IceCv)
  A hog (D:13)
  5 basilisks
  Eustachio (D:5)
  6 vampire mosquitoes
  3 swamp worms (Swamp:1)
  3 acid dragons
  A nameless horror (Lair:5)
  A water moccasin (Lair:5)
  9 orc warriors
  3 wolves
  6 ogres
  A kobold brigand (D:9)
  3 bullfrogs
  A two-headed ogre simulacrum (IceCv)
  2 water moccasin zombies (Ossuary)
  7 killer bees
  2 electric eels (Lair:4)
  A lava snake (D:13)
  11 orc priests
  2 hell rats (Lair:4)
  A spriggan simulacrum (IceCv)
  A mummy (Ossuary)
  3 gnolls (D:13)
  4 white imps (Orc:2)
  2 ufetubi (IceCv)
  An adder zombie (Ossuary)
  6 orcs
  A kobold (D:9)
  A hobgoblin zombie (Ossuary)
  2 orc zombies (Ossuary)
171 creatures vanquished.

Vanquished Creatures (others)
  Kirke (D:13)
  An orc warrior (Orc:2)
  10 foxfires (Swamp:2)
12 creatures vanquished.

Grand Total: 844 creatures vanquished

Notes
Turn   | Place    | Note
-------+----------+-------------------------------------------
     0 | D:1      | bworf the Demigod Ice Elementalist began the quest for the
                  | Orb.
     0 | D:1      | Reached XP level 1. HP: 14/14 MP: 5/5
   111 | D:1      | You fall into a shaft and drop 1 floor!
   529 | D:1      | Reached XP level 2. HP: 20/20 MP: 5/7
  1182 | D:2      | Noticed Jessica
  1200 | D:2      | Killed Jessica
  1201 | D:2      | Reached skill level 5 in Ice Magic
  1201 | D:2      | Reached XP level 3. HP: 20/26 MP: 4/8
  2002 | D:3      | Reached XP level 4. HP: 33/33 MP: 6/9
  2015 | D:3      | Learned a level 3 spell: Ozocubu's Armour
  2569 | D:3      | Found Goohuoff's Assorted Antiques.
  2939 | D:3      | Reached XP level 5. HP: 38/38 MP: 8/10
  3182 | D:4      | Found Gianoic's Elemental Accessories.
  3334 | D:4      | Identified the +1 ring mail of Qazlal's Whim {rF+ rN+++
                  | Str-5 Stlth+}
  3686 | D:4      | Reached XP level 6. HP: 31/45 MP: 0/11
  3929 | D:4      | Learned a level 3 spell: Frozen Ramparts
  4107 | D:4      | Reached skill level 1 in Fighting
  4223 | D:4      | Reached XP level 7. HP: 45/52 MP: 13/13
  4457 | D:4      | Reached skill level 2 in Fighting
  4647 | D:5      | Entered Level 5 of the Dungeon
  5217 | D:5      | Noticed Eustachio
  5887 | D:6      | Reached skill level 1 in Armour
  5887 | D:6      | Reached XP level 8. HP: 62/62 MP: 10/14
  6115 | D:6      | Reached skill level 3 in Fighting
  7184 | D:7      | Reached skill level 4 in Fighting
  7193 | D:7      | Reached XP level 9. HP: 62/71 MP: 9/15
  7197 | D:7      | Reached skill level 10 in Ice Magic
  7287 | D:7      | Identified the +8 trident of Ambiguity {flame, rF+ rN+
                  | Str+5 Int+3}
  7485 | D:7      | Noticed Pikel
  7497 | D:7      | Killed Pikel
  7498 | D:7      | Reached skill level 5 in Fighting
  7498 | D:7      | Reached skill level 5 in Dodging
  7498 | D:7      | Reached skill level 5 in Stealth
  7533 | D:7      | Noticed Dowan
  7533 | D:7      | Noticed Duvessa
  7546 | D:7      | Killed Dowan
  7565 | D:7      | Killed Duvessa
  7965 | D:7      | Noticed Menkaure
  7979 | D:7      | Killed Menkaure
  8063 | D:7      | Found a staircase to the Ecumenical Temple.
  8410 | D:8      | Found a sand-covered staircase.
  8418 | Ossuary  | Entered an ossuary
  8431 | Ossuary  | Learned a level 4 spell: Summon Ice Beast
  8457 | Ossuary  | Reached skill level 1 in Summonings
  8502 | Ossuary  | Reached XP level 10. HP: 83/83 MP: 1/16
  8961 | D:8      | Noticed Psyche
  8968 | D:8      | Killed Psyche
  8969 | D:8      | Reached skill level 5 in Summonings
  9748 | D:9      | Found a staircase to the Lair.
  9980 | D:9      | Noticed a two-headed ogre
  9985 | D:9      | Killed a two-headed ogre
  9986 | D:9      | Reached skill level 6 in Fighting
 10184 | D:9      | Reached XP level 11. HP: 76/89 MP: 7/17
 10349 | D:9      | Identified the +1 leather armour of Too Many Cooks
                  | {Rampage}
 10773 | D:9      | Reached skill level 7 in Fighting
 11015 | D:10     | Entered Level 10 of the Dungeon
 11520 | D:10     | Reached skill level 8 in Fighting
 11851 | D:10     | Noticed a two-headed ogre
 11859 | D:10     | Killed a two-headed ogre
 12042 | D:10     | Noticed Fannar
 12207 | Lair:1   | Entered Level 1 of the Lair of Beasts
 13658 | Lair:2   | Reached skill level 9 in Fighting
 13659 | Lair:2   | Reached XP level 12. HP: 104/104 MP: 11/19
 13803 | Lair:2   | Noticed Amaemon
 13979 | Lair:2   | Noticed a seven-headed hydra
 13986 | Lair:2   | Killed a seven-headed hydra
 14467 | Lair:3   | Noticed a four-headed hydra
 14483 | Lair:3   | Killed a four-headed hydra
 14627 | Lair:3   | Identified the +2 trident of Riuplumn {holy, Drain rF+
                  | Str+2 Dex+3}
 14742 | Lair:3   | Noticed a six-headed hydra
 14752 | Lair:3   | Killed a six-headed hydra
 14753 | Lair:3   | Reached skill level 10 in Fighting
 15370 | Lair:2   | Killed Amaemon
 15795 | Lair:2   | Reached skill level 10 in Dodging
 15845 | Lair:2   | Found a hole to the Spider Nest.
 16192 | Lair:2   | Noticed Gastronok
 16216 | Lair:2   | Killed Gastronok
 16776 | Lair:3   | Found a staircase to the Swamp.
 16793 | Lair:3   | Reached XP level 13. HP: 104/115 MP: 14/21
 17355 | Lair:4   | Reached skill level 11 in Fighting
 18233 | Lair:4   | Found a staircase to the Slime Pits.
 18850 | Lair:5   | Entered Level 5 of the Lair of Beasts
 19062 | Lair:5   | Found a transporter.
 19068 | Lair:5   | Found a transporter.
 19070 | Lair:5   | Noticed raetorn's ghost (journeyman DjFE)
 19982 | Lair:5   | Reached skill level 12 in Fighting
 20309 | Lair:5   | Reached XP level 14. HP: 87/126 MP: 8/22
 21374 | D:5      | Killed Eustachio
 21588 | D:10     | Killed Fannar
 22297 | D:11     | Noticed Erolcha
 22963 | D:11     | Found a staircase to the Orcish Mines.
 23273 | Orc:1    | Entered Level 1 of the Orcish Mines
 23275 | Orc:1    | Found Oprieboeq's Book Shoppe.
 23597 | Orc:1    | You are sucked into a shaft and drop 1 floor!
 23597 | Orc:2    | Entered Level 2 of the Orcish Mines
 23714 | Orc:2    | Found a staircase to the Elven Halls.
 23714 | Orc:2    | Found a frozen archway.
 23744 | IceCv    | Entered an ice cave
 24488 | IceCv    | Noticed a reaper
 25497 | Orc:1    | Paralysed by an orc sorcerer for 5 turns
 25767 | Orc:1    | Reached skill level 13 in Fighting
 26157 | Orc:2    | Noticed Saint Roka
 28454 | D:13     | Found a gate to the Vaults.
 28702 | D:13     | Noticed Kirke
 28705 | D:13     | Reached skill level 14 in Fighting
 28711 | D:13     | Killed Kirke
 28897 | D:13     | Identified the +0 ring mail of Xaxzuor {MP+9 Dex+3}
 29315 | D:13     | Found a runed translucent door.
 29925 | D:14     | Reached XP level 15. HP: 76/139 MP: 13/23
 30601 | D:14     | Reached skill level 15 in Fighting
 31512 | D:11     | Killed Erolcha
 33244 | Lair:5   | Reached skill level 1 in Polearms
 33258 | Lair:5   | Killed raetorn's ghost
 33346 | Lair:5   | Identified the +2 hat of Haunted Mirth {Str-4 Int+3 Dex+2}
 33792 | D:13     | Identified the +6 whip of Symmetry {freeze, rN+ Will+
                  | Dex-4}
 33793 | D:13     | Found a runed translucent gate.
 33793 | D:13     | Found a runed translucent gate.
 33793 | D:13     | Found a runed translucent gate.
 33793 | D:13     | Found a runed translucent gate.
 33793 | D:13     | Found a runed translucent gate.
 33793 | D:13     | Found a runed translucent gate.
 34094 | D:13     | Identified the ring "Nyits" {rCorr Slay+3}
 34392 | Spider:1 | Entered Level 1 of the Spider Nest
 36065 | Orc:2    | Found Dithre Umul's General Store.
 36094 | Orc:2    | Found a large runed translucent door.
 36099 | Orc:2    | Found a large runed translucent door.
 36171 | Orc:2    | Noticed Placeboclown's ghost (journeyman DrCj)
 36214 | Orc:2    | Found Tuukur's Antique Weapon Emporium.
 36233 | Orc:2    | Found Itoifam's General Store.
 36249 | Orc:2    | Found Afesil's Antique Armour Emporium.
 36265 | Orc:2    | Found Woanlir's Book Emporium.
 36415 | Orc:2    | Killed Placeboclown's ghost
 36601 | Orc:2    | Bought a slimy scimitar for 333 gold pieces
 36601 | Orc:2    | Identified the +8 scimitar "Ypaan" {pain, rN++ rCorr Str-3
                  | Stlth+} (You bought it in a shop on level 2 of the Orcish
                  | Mines)
 37229 | D:15     | Entered Level 15 of the Dungeon
 37235 | D:15     | Found a staircase to the Depths.
 38936 | Swamp:1  | Entered Level 1 of the Swamp
 39276 | Swamp:1  | Noticed Aizul
 39679 | Swamp:1  | Reached skill level 1 in Long Blades
 40423 | Swamp:2  | Noticed Amet's ghost (journeyman MiBe)
 40425 | Swamp:2  | Slain by a six-headed hydra

Illustrated notes

Levels and vault maps discovered:
D:1:      dpeg_arrival_pond, layout_basic
D:2:      wander_river, layout_basic, minmay_small_reverse_x, uniq_jessica
D:3:      layout_basic, serial_forest, infiniplex_forest_lined_4_way,
          infiniplex_forest_clump_small, infiniplex_forest_clump_medium,
          infiniplex_forest_lined_corner, infiniplex_forest_lined_room_2,
          infiniplex_forest_lined_3_way, infiniplex_forest_clump_medium,
          serial_shops, shop_fountains
D:4:      layout_basic, nicolae_elemental_shop
D:5:      layout_basic, fedhas_altar_3, uniq_eustachio
D:6:      layout_loops_corners, mainiacjoe_overflow_six_doors_small,
          pf_guarded_unrand_woodcutter
D:7:      layout_rooms, pdpol_wu_jian_five_deadly_venoms, marbit_many_paths,
          minmay_temple_entry_butterflies, serial_rivers,
          chequers_serial_rivers_large_a, chequers_serial_rivers_marsh,
          chequers_serial_rivers_marsh, chequers_serial_rivers_small_a,
          chequers_serial_rivers_micro_d, chequers_serial_rivers_micro_d,
          supply_closet_lemuel, uniq_pikel, uniq_menkaure, uniq_duvessa
D:8:      minmay_chambers_of_sevens, layout_basic, nicolae_ossuary_entry_plus,
          uniq_psyche
D:9:      layout_big_octagon, hellmonk_lair_entry_icy, st_stairs_5
D:10:     layout_stronghold, uniq_fannar
D:11:     layout_rooms, minmay_orc_entry_temple_small, mrwooster_statue_mirror,
          kennysheep_donut, minmay_misc_feat_four_crosses,
          nicolae_qazlal_style_of_elements, uniq_erolcha
D:12:     layout_basic
D:13:     gammafunk_indiana_jones, layout_loops_corners, david_vaults_4,
          uniq_kirke
D:14:     layout_loops_cross, serial_undead, serial_undead_c, serial_undead_f,
          serial_undead_b, serial_undead_e, abandoned_shop
D:15:     grunt_enter_depths_giant_problem, layout_gridville, ashenzari_altar_1,
          lightli_corner_chamber
Lair:1:   layout_cave_pods, nicolae_quartered_pool_super
Lair:2:   layout_gridlike, spider_nest_entry_funnel_web, lemuel_fruit_tree,
          uniq_gastronok, uniq_amaemon
Lair:3:   cheibrodos_lair_overgrown_chateau, layout_layer_cave,
          minmay_swamp_entry_worms
Lair:4:   layout_concentric_octagons, slime_entry_1, special_room
          [special_room_mythical_zoo], grunt_megastairs_5, serial_bayou_shore_a
Lair:5:   hangedman_lair_in_review, layout_gridlike,
          gammafunk_ghost_berserking_beasts
Swamp:1:  layout_falls_marsh, nicolae_swamp_triple_paths,
          infiniplex_staircase_pool_2, uniq_aizul
Swamp:2:  layout_basic_swamp, gammafunk_ghost_abyssal_escape,
          evilmike_swamp_ruin_rubble_2, swamp_pool2
Spider:1: cheibrodos_spider_silkery, hangedman_spider_tarantella_strand,
          uniq_josephine, uniq_jorgrun, uniq_roxanne
Orc:1:    layout_caves, serial_shops, nicolae_shop_crystal, nooodl_orcs_dogs
Orc:2:    grunt_orc_cross, layout_caves, ebering_ghost_disaster_area,
          serial_shops, nicolae_diamond_shop, portal_ice_cave_entry_imps

Skill      XL: |  1  2  3  4  5  6  7  8  9 10 11 12 13 14 15 |
---------------+----------------------------------------------+-----
Ice Magic      | 4 5 6 7 9 10 11 13 14 | 14.0
Stealth        | 2 4 6 8 |  8.0
Dodging        | 2 4 5 6 8 10 11 12 13 | 13.0
Spellcasting   | 2 3 |  3.0
Fighting       | 1 2 4 5 6 9 10 12 14 15 | 15.4
Armour         | 1 2 4 |  4.0
Summonings     | 1 8 9 |  9.0
Polearms       | 4 |  4.5
Long Blades    | 2 |  2.2

Action                     |  1- 3 |  4- 6 |  7- 9 | 10-12 | 13-15 || total
---------------------------+-------+-------+-------+-------+-------++-------
  Melee: Short sword       |     7 |       |       |       |       ||     7
         Scimitar          |       |     5 |       |       |   105 ||   110
         Dagger            |       |    33 |    59 |       |       ||    92
         Trident           |       |       |    99 |   497 |  1105 ||  1701
         Glaive            |       |       |       |       |    46 ||    46
  Throw: Stone             |       |       |       |       |     3 ||     3
         Dart              |       |       |       |       |     2 ||     2
   Cast: Freeze            |    59 |    93 |    86 |       |     6 ||   244
         Ozocubu's Armour  |       |     1 |    13 |    11 |    70 ||    95
         Frozen Ramparts   |       |       |    27 |    70 |   155 ||   252
         Summon Ice Beast  |       |       |     1 |    38 |   198 ||   237
  Evoke: Wand              |       |       |       |       |     1 ||     1
    Use: Scroll            |       |       |     2 |     9 |    18 ||    29
         Potion            |       |       |       |     1 |     4 ||     5
   Stab: Sleeping          |       |       |     8 |    16 |    12 ||    36
         Distracted        |       |       |       |     3 |    18 ||    21
         Petrified         |       |       |       |       |     4 ||     4
         Petrifying        |       |       |       |       |     1 ||     1
 Armour: Leather armour    |     7 |     2 |       |       |    50 ||    59
         Robe              |       |     2 |       |       |       ||     2
         Ring mail         |       |    29 |    69 |   131 |   345 ||   574
         Scale mail        |       |       |       |       |    63 ||    63
  Dodge: Dodged            |    21 |    41 |   115 |   494 |  1037 ||  1708
  Block: Buckler           |     6 |    15 |    30 |   140 |   683 ||   874
         Reflection        |       |       |       |       |    24 ||    24
         Other             |       |       |       |       |    25 ||    25
